 Dungeon Crawl Stone Soup version 0.30-a0-509-gd016549fea (webtiles) character file.

Game seed: 11941845862019811698

1843 Colokkon the Grave Robber (level 8, -2/58 HPs)
             Began as a Vampire Necromancer on Dec 23, 2022.
             Slain by a kobold brigand
             ... wielding a +0 falchion
              (3 damage)
             ... on level 7 of the Dungeon.
             The game lasted 01:47:01 (4848 turns).

Colokkon the Grave Robber (Vampire Necromancer)     Turns: 4848, Time: 01:47:01

Health: -2/58      AC: 10    Str: 11    XL:     8   Next: 87%
Magic:  13/16      EV: 13    Int: 19    God:
Gold:   219        SH:  4    Dex: 17    Spells: 10/18 levels left

rFire   . . .      SeeInvis +    B - +7 sceptre of Torment {pain, torment}
rCold   . . .      Faith    .    o - +0 buckler
rNeg    . . .      Spirit   .    C - +0 troll leather armour {Pargi}
rPois   .          Reflect  .    l - +0 helmet
rElec   .          Harm     .    G - +1 cloak of Negligence {Will+ Str+4 Dex+2}
rCorr   .          Rampage  .    (no gloves)
Will    ++...                    E - +2 pair of boots
Stlth   ++........               z - amulet of magic regeneration
HPRegen 1.29/turn                I - ring of willpower
MPRegen 0.55/turn                (no ring)

@: about to teleport, animating dead, healing quickly
A: alive, fangs 3, see invisible, vampiric 2
a: Exsanguinate


You were on level 7 of the Dungeon.
You visited 1 branch of the dungeon, and saw 6 of its levels.

You collected 219 gold pieces.

Inventory:

Hand Weapons
 s - a +1 spear of venom
 v - a +0 hammer of holy wrath
 w - a +2 spear of freezing
 y - a +0 hammer of protection
 A - a +2 vorpal quarterstaff
 B - the +7 sceptre of Torment (weapon) {pain, torment}
   (You found it on level 2 of the Dungeon)

   In the hands of one skilled in necromantic magic, it inflicts extra damage on
   living creatures.
   It occasionally torments all nearby living foes when it strikes in combat.
 D - a +2 dagger of venom
 H - a +2 falchion of electrocution
Missiles
 i - 2 javelins
 j - 7 poisoned darts
 m - 2 throwing nets
 q - 39 stones
 x - 6 boomerangs
 K - a curare-tipped dart
Armour
 a - a +0 ring mail
 g - a +0 chain mail
 k - a +0 leather armour
 l - a +0 helmet (worn)
 o - a +0 buckler (worn)
 u - a +0 robe
 C - a +0 troll leather armour (worn) {Pargi}
 E - a +2 pair of boots (worn)
 G - the +1 cloak of Negligence (worn) {Will+ Str+4 Dex+2}
   (You found it on level 4 of the Dungeon)

   Str:       It affects your strength (+4).
   Dex:       It affects your dexterity (+2).
   Will:      It increases your willpower.
Jewellery
 z - an amulet of magic regeneration (around neck)
 I - a ring of willpower (left hand)
Wands
 t - a wand of iceblast (7)
 F - a wand of flame (20)
Scrolls
 d - a scroll of poison {unknown}
 r - a scroll of amnesia
 L - a scroll of identify
Potions
 c - 2 potions of brilliance {unknown}
 e - a potion of haste {unknown}
 f - 2 potions of berserk rage
 h - a potion of curing
 n - 2 potions of mutation {unknown}
 p - a potion of heal wounds
 J - a potion of lignification


   Skills:
 + Level 3.2 Fighting
 + Level 3.6 Maces & Flails
 + Level 1.0 Ranged Weapons
 + Level 2.5 Armour
 + Level 3.9 Dodging
 + Level 3.2 Stealth
 + Level 1.7 Shields
 + Level 0.3 Unarmed Combat
 + Level 5.6 Spellcasting
 + Level 7.6 Necromancy


You had 10 spell levels left.
You knew the following spells:

 Your Spells              Type           Power      Damage    Failure   Level
a - Necrotise             Necr           100%       1d9       1%          1
b - Vampiric Draining     Necr           34%        2d8       2%          3
c - Animate Dead          Necr           34%        N/A       9%          4

Your spell library contained the following spells:

 Spells                   Type           Power      Damage    Failure   Level
 Sandblast                Erth           10%        2d5       21%         1
 Agony                    Necr           34%        N/A       24%         5
 Borgnjor's Vile Clutch   Necr/Erth      9%         N/A       75%         5
 Lee's Rapid Deconstruct  Erth           2%         3d5*      99%         5
 Ignition                 Fire           2%         3d3       100%        8


Dungeon Overview and Level Annotations

Branches:
Dungeon (7/15)
 Temple: D:4-7

Altars:
Dithmenos
Qazlal
Ru
Sif Muna
Trog
Uskayaw
Wu Jian

Shops:
D:4 (

Annotations:
D:2 1 runed translucent door, Crazy Yiuf
D:7 3 runed translucent doors, Iflex's ghost, novice DsVM


Innate Abilities, Weirdness & Mutations

Your natural rate of healing is accelerated.
You have razor-sharp teeth.
You have supernaturally acute eyesight. (SInv)
You are afflicted with vampirism and can become a bat while bloodless.


Message History

The centaur barely misses you. The centaur misses you.
The orc warrior hits you with a +0 flail!
The centaur shoots an arrow.
The arrow barely misses you.
Your orc wizard zombie completely misses the kobold brigand.
The kobold brigand hits you with a +0 falchion.
Casting: Animate Dead (dangerous; 9% risk of failure)
Press: ? - help, Q - select action, (/) - cycle Dir - look around, f - activate You dismiss your zombies and call upon the dead to rise afresh.
Your orc wizard zombie crumbles into dust!
The centaur hits you but does no damage.
The centaur kicks you but does no damage.
The orc warrior hits you with a +0 flail!
The centaur hits you but does no damage.
The centaur kicks you.
The kobold brigand hits you with a +0 falchion.
* * * LOW HITPOINT WARNING * * *
The orc warrior hits you from afar with a +0 glaive!
* * * LOW HITPOINT WARNING * * *
You closely miss the orc warrior.
You bite the orc warrior, but do no damage.
The orc warrior is almost dead.
The centaur unwields a +0 shortbow.
The centaur hits you but does no damage.
You block the centaur's attack.
The centaur hits you but does no damage.
The centaur closely misses you. The orc warrior misses you.
The centaur hits you but does no damage.
The centaur kicks you but does no damage.
The kobold brigand hits you but does no damage.
The centaur barely misses you. The centaur misses you.
The orc warrior hits you from afar with a +0 glaive!
* * * LOW HITPOINT WARNING * * *
The orc warrior barely misses you.
As you read the scroll of teleportation, it crumbles to dust.
You feel strangely unstable. The centaur hits you.
* * * LOW HITPOINT WARNING * * *
The centaur kicks you but does no damage.
The centaur barely misses you. You block the centaur's attack.
The kobold brigand hits you with a +0 falchion.
You die...

.P♣.♣P ###...# #.#
....... ##....## #.#
......#########)..###♣..
#.#
......).)'...)).###♣....
#.#
........)'...#.>#♣..♣...
#.#
.........#...####.......
#.#
.........#####...o...###
#.#
.####..........coK...'..
#.#
#..'...........@c...#
#.#
#..#...####...#'##..#
#.# ####...'..#...#..#
... #.#
.....P..#..#...#..# ~
#.# ........####...####
#.. ......... ...... ###
........~~....~..
~.≈≈~~~..~~~≈~~~.≈
≈≈≈≈≈≈~≈≈≈≈≈~≈≈~~


You could see 2 orc warriors, a kobold brigand and 2 centaurs.

Vanquished Creatures
  Grinder (D:3)
  A steam dragon (D:7)
  Pargi (D:3)
  A black bear (D:4)
  2 centaurs (D:7)
  An ogre (D:7)
  3 kobold brigands (D:7)
  A phantom (D:5)
  A gnoll sergeant (D:7)
  2 scorpions
  A bullfrog (D:7)
  3 gnoll boudas (D:7)
  2 orc priests (D:7)
  A hound (D:7)
  2 orc wizards
  14 gnolls
  7 adders
  2 white imps
  2 dart slugs
  14 orcs
  6 endoplasms
  5 giant cockroaches
  A goblin (D:3)
  4 hobgoblins
  4 jackals (D:2)
  A quokka (D:2)
  4 ball pythons
  A bat (D:2)
  2 frilled lizards (D:2)
  7 kobolds
  4 rats
101 creatures vanquished.

Vanquished Creatures (collateral kills)
  2 gnolls
  A white imp (D:7)
  A dart slug (D:4)
  A ball python (D:3)
  An endoplasm (D:4)
  A kobold (D:4)
7 creatures vanquished.

Vanquished Creatures (others)
  A bullfrog zombie (D:7)
  An orc wizard (D:7)
  3 kobold zombies (D:7)
  5 gnoll zombies (D:7)
  An orc zombie (D:7)
  4 fungi (D:2)
  12 plants (D:7)
27 creatures vanquished.

Grand Total: 135 creatures vanquished

Notes
Turn   | Place    | Note
-------+----------+-------------------------------------------
     0 | D:1      | Colokkon the Vampire Necromancer began the quest for the
                  | Orb.
     0 | D:1      | Reached XP level 1. HP: 13/13 MP: 3/3
    41 | D:1      | Got the Handbook of the Coals and Terrain
   598 | D:2      | Noticed an orc wizard
   601 | D:2      | Reached XP level 2. HP: 19/19 MP: 1/5
   638 | D:1      | Gained mutation: You are afflicted with vampirism and can
                  | become a bat while bloodless. [Vampire growth]
   638 | D:1      | Reached XP level 3. HP: 18/25 MP: 6/6
   660 | D:1      | Learned a level 3 spell: Vampiric Draining
   940 | D:2      | Reached skill level 5 in Necromancy
  1179 | D:2      | Reached skill level 1 in Ranged Weapons
  1179 | D:2      | Reached XP level 4. HP: 24/24 MP: 2/7
  1268 | D:2      | Found a runed translucent door.
  1268 | D:2      | Found the +7 sceptre of Torment {pain, torment}
  1270 | D:2      | Noticed Crazy Yiuf
  1697 | D:3      | Noticed Grinder
  1723 | D:3      | Paralysed by Grinder for 5 turns
  1865 | D:4      | Identified the +1 cloak of Negligence {Will+ Str+4 Dex+2}
  2263 | D:4      | Noticed a black bear
  2279 | D:4      | Killed a black bear
  2280 | D:4      | Reached XP level 5. HP: 10/28 MP: 2/10
  2453 | D:4      | Learned a level 4 spell: Animate Dead
  2497 | D:4      | Found a shimmering blue altar of Sif Muna.
  2497 | D:4      | Found a bloodstained altar of Trog.
  2497 | D:4      | Found a stormy altar of Qazlal.
  2504 | D:4      | Found a shadowy altar of Dithmenos.
  2504 | D:4      | Found a sacrificial altar of Ru.
  2847 | D:4      | Found Tisilottei's Weapon Shoppe.
  2939 | D:3      | Found an ornate altar of the Wu Jian Council.
  3004 | D:3      | Reached XP level 6. HP: 29/42 MP: 5/11
  3009 | D:3      | Killed Grinder
  3010 | D:3      | Reached skill level 1 in Maces & Flails
  3010 | D:3      | Reached skill level 6 in Necromancy
  3263 | D:3      | Noticed Pargi
  3272 | D:3      | Killed Pargi
  3273 | D:3      | Reached XP level 7. HP: 46/47 MP: 13/13
  3651 | D:5      | Entered Level 5 of the Dungeon
  3702 | D:5      | Reached skill level 1 in Armour
  3749 | D:5      | You fall into a shaft and drop 2 floors!
  3817 | D:7      | Reached skill level 1 in Fighting
  3817 | D:7      | Reached skill level 5 in Spellcasting
  3840 | D:7      | Reached skill level 7 in Necromancy
  4031 | D:7      | Reached XP level 8. HP: 54/54 MP: 15/15
  4045 | D:7      | Noticed Iflex's ghost (novice DsVM)
  4170 | D:7      | Found a hide-covered altar of Uskayaw.
  4224 | D:7      | Found a runed translucent gate.
  4225 | D:7      | Found a runed translucent gate.
  4226 | D:7      | Found a runed translucent gate.
  4629 | D:7      | Reached skill level 1 in Shields
  4847 | D:7      | HP: 1/58 [orc warrior/+0 glaive (8)]
  4848 | D:7      | Slain by a kobold brigand

Illustrated notes

Levels and vault maps discovered:
D:1:      ebering_trefoil_twist, layout_loops_ring, serial_shops, shop
D:2:      layout_basic, hellmonk_ecumenical_altar_run_dry, minmay_pentomino_o2,
          uniq_jessica, uniq_crazy_yiuf_cottage
D:3:      layout_loops_ring, lemuel_coloured_pillars_altar, uniq_pargi,
          uniq_grinder
D:4:      layout_loops_ring, minmay_overflow_temple_hex, serial_shops, shop
D:5:      layout_basic, temple_hall, uniq_eustachio
D:7:      kennysheep_seaside_town, layout_basic, nicolae_overflow_crystal_walls,
          gammafunk_ghost_icy

Skill      XL: |  1  2  3  4  5  6  7  8 |
---------------+-------------------------+-----
Necromancy     | 5 6 7 |  7.6
Ranged Weapons | 1 |  1.0
Spellcasting   | 3 4 5 |  5.6
Maces & Flails | 1 2 3 |  3.6
Dodging        | 3 |  3.9
Armour         | 1 2 |  2.5
Fighting       | 1 3 |  3.2
Shields        | 1 |  1.7
Stealth        | |  3.2
Unarmed Combat | |  0.3

Action                   |  1- 3 |  4- 6 |  7- 9 || total
-------------------------+-------+-------+-------++-------
Melee: Unarmed           |    21 |       |       ||    21
       Sling             |     1 |       |       ||     1
       Eveningstar       |       |    14 |    96 ||   110
       Bite              |       |       |     6 ||     6
 Fire: Sling             |    10 |     1 |       ||    11
 Cast: Necrotise         |    38 |    83 |    22 ||   143
       Animate Dead      |       |     2 |    11 ||    13
 Abil: Exsanguinate      |     2 |       |       ||     2
       Revivify          |     2 |       |       ||     2
  Use: Scroll            |     2 |       |     8 ||    10
       Potion            |     2 |     1 |     1 ||     4
 Stab: Sleeping          |       |     1 |       ||     1
Armor: Ring mail         |    27 |    17 |       ||    44
       Chain mail        |       |    11 |       ||    11
       Robe              |       |     9 |       ||     9
       Troll leather arm |       |       |    53 ||    53
Dodge: Dodged            |    18 |    35 |   109 ||   162
Block: Buckler           |       |     6 |    27 ||    33

Table legend: (Time is in decaauts)
 A = Elapsed time spent in this place.
 B = Non-inter-level travel time spent in this place.
 C = Inter-level travel time spent in this place.
 D = Time resting spent in this place.
 E = Time spent auto-exploring this place.
 F = Levels seen in this place.
 G = Mean time per level.
                   A        B        C        D        E       F      G
               +--------+--------+--------+--------+--------+-----+--------+
         Total |   4910 |   2697 |   2213 |     21 |    347 |   6 |  818.3 |
       Dungeon |   4910 |   2697 |   2213 |     21 |    347 |   6 |  818.3 |
               +--------+--------+--------+--------+--------+-----+--------+

Top non-repeatable levels by time:
     D:4: 1425 daAuts
     D:7: 1134 daAuts
     D:2: 1045 daAuts
     D:1: 641 daAuts
     D:3: 562 daAuts
     D:5: 101 daAuts
